 Dungeon Sprint DCSS version 0.22.1-1-ga44c0e56f4 (webtiles) character file.

6209 MuseOD the Unseen (level 10, -15/82 HPs)
             Began as a Spriggan Enchanter on Sept 23, 2018.
             Was a High Priest of Dithmenos.
             Demolished by a spriggan defender
             ... wielding a +2 rapier of draining
              (25 damage)
             ... in the Dungeon (Sprint IV: "Fedhas' Mad Dash").
             The game lasted 00:04:18 (1475 turns).

MuseOD the Unseen (Spriggan Enchanter)              Turns: 1475, Time: 00:04:19

Health: -15/82     AC:  2    Str:  9    XL:     10   Next: 61%
Magic:  13/28      EV: 16    Int: 20    God:    Dithmenos [*****.]
Gold:   192        SH:  0    Dex: 17    Spells: 20/35 levels left

rFire    . . .     SeeInvis +   a - +1 dagger
rCold    . . .     Gourm    .   (shield restricted)
rNeg     . . .     Faith    .   k - +0 robe (curse)
rPois    .         Spirit   .   (helmet restricted)
rElec    .         Reflect  .   (no cloak)
rCorr    .         Harm     .   (gloves unavailable)
MR       +....     NoTele   +   (boots unavailable)
Stlth    ..........             l - amulet of invisibility {+Inv}
HPRegen  0.23/turn              (no ring)
MPRegen  0.21/turn              (no ring)

@: berserking, wreathed by umbra, heavily drained, very quick
A: very small, unfitting armour, see invisible, herbivore, speed 3, slow
metabolism 2
a: Shadow Step, Shadow Form, Renounce Religion, Evoke Invisibility


You were in the Dungeon.
You worshipped Dithmenos.
Dithmenos was extremely pleased with you.
You were very hungry.

You visited 1 branch You collected 192 gold pieces.

Inventory:

Hand Weapons
 a - a +1 dagger (weapon)
Armour
 b - a +0 robe
 k - a cursed +0 robe (worn)
Jewellery
 l - the amulet of invisibility (around neck) {+Inv}
   (You found it in the Dungeon)

   [amulet of nothing]

   It lets you turn invisible.
Scrolls
 c - a scroll of identify {unknown}
 j - 2 scrolls of blinking
 m - a scroll of remove curse {unknown}
 n - a scroll of amnesia {unknown}
Potions
 e - a potion of curing
 f - a potion of heal wounds
 g - a potion of haste
 h - 2 potions of magic
 o - a potion of degeneration {unknown}
Comestibles
 d - 2 rations


   Skills:
 - Level 7.2(4.8) Fighting
 - Level 13.0(10.2) Short Blades
 - Level 3.0(0.8) Dodging
 + Level 20.0(16.8) Stealth
 + Level 13.2(10.4) Spellcasting
 + Level 13.3(10.6) Hexes


You had 20 spell levels left.
You knew the following spells:

 Your Spells              Type           Power        Failure   Level  Hunger
a - Corona                Hex            ######.      1%          1    None
b - Ensorcelled Hibernat  Hex/Ice        ####..       1%          2    None
c - Confuse               Hex            ######..     1%          3    None
d - Dazzling Spray        Conj/Hex       ####..       2%          3    None
e - Tukima's Dance        Hex            ######..     1%          3    None
f - Mephitic Cloud        Conj/Pois/Air  ##......     21%         3    None

Your spell library contained the following spells:

 Spells                   Type           Power        Failure   Level  Hunger
 Slow                     Hex            ######..     1%          2    None
 Magic Dart               Conj           ##..         7%          1    None
 Blink                    Tloc           N/A          10%         2    None
 Call Imp                 Summ           ##......     10%         2    None
 Conjure Flame            Conj/Fire      ##......     21%         3    None


Dungeon Overview and Level Annotations

Branches:
Dungeon (1/1)

Altars:
Cheibriados
Dithmenos
Elyvilon
Gozag
Hepliaklqana
Kikubaaqudgha
Makhleb
Nemelex Xobeh
Okawaru
Qazlal
Ru
Sif Muna
Trog
Uskayaw
Vehumet
Wu Jian
Xom
Yredelemnul
Zin
The Shining One
Beogh
Jiyva
Lugonu

Shops:
D ((}[}?


Innate Abilities, Weirdness & Mutations

You are very small and have problems with some larger weapons.
You are too small for most types of armour.
You have supernaturally acute eyesight. (SInv)
You are a herbivore.
You cover ground extremely quickly.
You need to consume almost no food.


Message History

You feel drained.
The spriggan defender blocks your attack.
The spriggan defender is moderately wounded.
The spriggan defender hits you with a rapier of draining.
You feel drained.
You puncture the spriggan defender!
The spriggan defender is heavily wounded.
You puncture the spriggan defender!
The spriggan defender is heavily wounded.
The spriggan defender hits you with a rapier of draining!
* * * LOW HITPOINT WARNING * * *
You feel drained.
* * * LOW HITPOINT WARNING * * *
The spriggan defender blocks your attack.
The spriggan defender is heavily wounded.
The spriggan defender blocks your shadow's attack.
You miss the spriggan defender.
The spriggan defender is heavily wounded.
The spriggan defender hits you with a rapier of draining!!
You die...

###############....[.###....i♣
♣♣..♣.###.'..'.....(.'.+..i♣
..♣..♣##..#..#.P.....#######
♣♣.♣).###.##'##.P....#
.♣...♣'...#♣.♣########
###########.....####
#..♣..♣§§..### .♣...§§§♣§..♣##
.....♣.)§§@i§∩...) ###
#############


You could see a spriggan defender.

Vanquished Creatures
  Agnes (D)
  A spriggan druid (D)
  6 oklob plants (D)
  A demonic crawler (D)
  3 burning bushes (D)
  3 wandering mushrooms (D)
  A queen bee (D)
  2 scorpions (D)
  4 killer bees (D)
  5 oklob saplings (D)
  A worker ant (D)
  2 spriggans (D)
  A river rat (D)
  A rat (D)
  A ballistomycete spore (D)
33 creatures vanquished.

Notes
Turn   | Place    | Note
-------+----------+-------------------------------------------
     0 | D        | MuseOD the Spriggan Enchanter began the quest for the Orb.
     0 | D        | Reached XP level 1. HP: 9/9 MP: 5/5
     8 | D        | Reached skill level 1 in Fighting
     8 | D        | Reached skill level 5 in Stealth
     8 | D        | Reached XP level 2. HP: 14/14 MP: 6/6
    23 | D        | Learned a level 2 spell: Ensorcelled Hibernation
    33 | D        | Noticed an oklob sapling
    34 | D        | Killed an oklob sapling
    34 | D        | Reached skill level 6 in Stealth
    34 | D        | Reached XP level 3. HP: 19/19 MP: 8/8
    39 | D        | Learned a level 3 spell: Confuse
   141 | D        | Found the amulet of invisibility {+Inv}
   142 | D        | Reached skill level 5 in Short Blades
   142 | D        | Reached skill level 7 in Stealth
   170 | D        | Noticed an oklob sapling
   173 | D        | Killed an oklob sapling
   173 | D        | Reached XP level 4. HP: 24/24 MP: 9/9
   183 | D        | Found an opulent altar of Gozag.
   183 | D        | Found a hazy altar of Hepliaklqana.
   183 | D        | Found a roughly hewn altar of Beogh.
   183 | D        | Found a snail-covered altar of Cheibriados.
   186 | D        | Found a viscous altar of Jiyva.
   186 | D        | Found a burning altar of Makhleb.
   186 | D        | Found a sparkling altar of Nemelex Xobeh.
   186 | D        | Found a sacrificial altar of Ru.
   186 | D        | Found a deep blue altar of Sif Muna.
   186 | D        | Found a bloodstained altar of Trog.
   186 | D        | Found an ornate altar of the Wu Jian Council.
   186 | D        | Found a shimmering altar of Xom.
   186 | D        | Found a basalt altar of Yredelemnul.
   187 | D        | Found an iron altar of Okawaru.
   187 | D        | Found a glowing silver altar of Zin.
   187 | D        | Found a shadowy altar of Dithmenos.
   188 | D        | Found a hide-covered altar of Uskayaw.
   188 | D        | Found an ancient bone altar of Kikubaaqudgha.
   189 | D        | Found a stormy altar of Qazlal.
   189 | D        | Found a glowing golden altar of the Shining One.
   189 | D        | Found a white marble altar of Elyvilon.
   190 | D        | Found a radiant altar of Vehumet.
   190 | D        | Found a corrupted altar of Lugonu.
   193 | D        | Reached skill level 8 in Stealth
   193 | D        | Reached XP level 5. HP: 29/29 MP: 7/10
   196 | D        | Became a worshipper of Dithmenos the Shadowed
   299 | D        | Reached skill level 9 in Stealth
   309 | D        | Reached skill level 10 in Stealth
   310 | D        | Reached * piety under Dithmenos
   312 | D        | Reached skill level 5 in Fighting
   420 | D        | Found Xodgharagg's Antique Weapon Shop.
   421 | D        | Found Puffaorch's Antique Weapon Emporium.
   429 | D        | Noticed a burning bush
   429 | D        | Noticed a wandering mushroom
   430 | D        | Noticed a wandering mushroom
   433 | D        | Killed a wandering mushroom
   433 | D        | Reached skill level 12 in Stealth
   433 | D        | Reached XP level 6. HP: 36/36 MP: 8/11
   435 | D        | Killed a burning bush
   435 | D        | Reached ** piety under Dithmenos
   435 | D        | Reached XP level 7. HP: 41/41 MP: 8/12
   437 | D        | Reached skill level 13 in Stealth
   438 | D        | Killed a wandering mushroom
   442 | D        | Found Xoschaoxa's Magic Scroll Emporium.
   442 | D        | Found Bugrai's Gadget Shoppe.
   588 | D        | Noticed a queen bee
   594 | D        | Killed a queen bee
   594 | D        | Reached skill level 14 in Stealth
   594 | D        | Reached skill level 5 in Hexes
   594 | D        | Reached XP level 8. HP: 46/46 MP: 11/15
   595 | D        | Reached *** piety under Dithmenos
   597 | D        | Reached skill level 5 in Spellcasting
   728 | D        | Noticed an oklob plant
   731 | D        | Killed an oklob plant
   731 | D        | Reached **** piety under Dithmenos
   731 | D        | Reached skill level 15 in Stealth
   879 | D        | Learned a level 3 spell: Dazzling Spray
   883 | D        | Learned a level 3 spell: Tukima's Dance
   885 | D        | Noticed a burning bush
   889 | D        | Killed a burning bush
   901 | D        | Noticed a burning bush
   901 | D        | Noticed an oklob plant
   902 | D        | Noticed a wandering mushroom
   907 | D        | Killed a burning bush
   907 | D        | Reached skill level 16 in Stealth
   907 | D        | Reached XP level 9. HP: 50/50 MP: 12/22
   910 | D        | Killed an oklob plant
   910 | D        | Reached skill level 17 in Stealth
   914 | D        | Killed a wandering mushroom
   914 | D        | Reached skill level 10 in Hexes
  1003 | D        | Noticed a spriggan druid
  1004 | D        | Killed a spriggan druid
  1004 | D        | Reached skill level 10 in Spellcasting
  1020 | D        | Noticed an oklob plant conjurer
  1021 | D        | Killed an oklob plant conjurer
  1021 | D        | Reached ***** piety under Dithmenos
  1021 | D        | Reached skill level 18 in Stealth
  1031 | D        | Learned a level 3 spell: Mephitic Cloud
  1215 | D        | Noticed an oklob plant
  1215 | D        | Noticed an oklob plant summoner
  1216 | D        | Noticed an oklob plant shifter
  1225 | D        | Killed an oklob plant
  1225 | D        | Reached XP level 10. HP: 35/55 MP: 24/26
  1228 | D        | Killed an oklob plant summoner
  1231 | D        | Killed an oklob plant shifter
  1439 | D        | Reached skill level 19 in Stealth
  1441 | D        | Noticed a spriggan rider
  1454 | D        | Noticed Agnes
  1456 | D        | Found Sucij's Gadget Emporium.
  1456 | D        | Found Ydwim's Antique Armour Shoppe.
  1457 | D        | Killed Agnes
  1457 | D        | Reached skill level 20 in Stealth
  1461 | D        | Noticed a spriggan defender
  1475 | D        | Demolished by a spriggan defender

Skill      XL: |  1  2  3  4  5  6  7  8  9 10 |
---------------+-------------------------------+-----
Fighting       | 1 2 3 6 7 |  7.2
Short Blades   | 3 4 6 7 11 12 13 | 13.0
Stealth        | 5 6 7 8 12 14 16 18 20 | 20.0
Spellcasting   | 4 8 11 13 | 13.2
Hexes          | 5 8 11 13 | 13.3
Dodging        | |  3.0

Action                   |  1- 3 |  4- 6 |  7- 9 | 10-12 || total
-------------------------+-------+-------+-------+-------++-------
Melee: Dagger            |    11 |    13 |    24 |    11 ||    59
 Cast: Confuse           |       |       |     2 |       ||     2
       Dazzling Spray    |       |       |     1 |     4 ||     5
Invok: Shadow Step       |       |       |     1 |     1 ||     2
 Abil: Evoke Invisibilit |       |     3 |     4 |       ||     7
  Use: Potion            |       |       |       |     2 ||     2
 Stab: Sleeping          |     4 |     6 |    11 |     2 ||    23
       Invisible         |       |     1 |     5 |     2 ||     8
       Confused          |       |       |     1 |       ||     1
Dodge: Dodged            |     5 |       |     2 |     4 ||    11
